 Dungeon Crawl Stone Soup version 0.28-a0-511-gcc94558de3 (webtiles) character file.

Game seed: 14312054257231739205

79 peenler the Skirmisher (level 4, 0/35 HPs)
             Began as a Demonspawn Berserker on Sept 21, 2021.
             Was a Believer of Trog.
             Slain by Sargento's ghost (3 damage)
             ... on level 3 of the Dungeon.
             The game lasted 00:05:58 (2183 turns).

peenler the Skirmisher (Demonspawn Berserker)       Turns: 2183, Time: 00:05:58

Health: 0/35       AC:  8    Str: 18    XL:     4   Next: 16%
Magic:  4/4        EV:  9    Int:  9    God:    Trog [**....]
Gold:   155        SH:  3    Dex: 12    Spells: 3/3 levels left

rFire   + . .      SeeInvis .   a - +0 mace
rCold   x . .      Faith    .   q - +0 buckler
rNeg    . . .      Spirit   .   j - +0 scale mail
rPois   .          Reflect  .   (no helmet)
rElec   .          Harm     .   (no cloak)
rCorr   .          Rampage  .   n - +0 pair of gloves
Will    ++...                   c - +0 pair of boots
Stlth   ..........              (no amulet)
HPRegen 1.11/turn               m - ring of fire
MPRegen 0.09/turn               (no ring)

@: mighty, strong-willed, on berserk cooldown, regenerating, slowed, very slow
A: powered by pain 1
a: Renounce Religion, Berserk, Trog's Hand


You were on level 3 of the Dungeon.
You worshipped Trog.
Trog was pleased with you.
You visited 1 branch of the dungeon, and saw 3 of its levels.

You collected 155 gold pieces.

Inventory:

Hand Weapons
 a - a +0 mace (weapon)
 e - a +0 dagger
Armour
 b - a +0 animal skin
 c - a +0 pair of boots (worn)
 h - a +0 leather armour
 j - a +0 scale mail (worn)
 n - a +0 pair of gloves (worn)
 q - a +0 buckler (worn)
Jewellery
 m - a ring of fire (left hand)
Wands
 l - a wand of flame (11)
Scrolls
 d - a scroll of amnesia {unknown}
 f - a scroll of enchant armour {unknown}
 g - 4 scrolls of identify {unknown}
 k - a scroll of teleportation {unknown}
 o - a scroll of fear {unknown}
Potions
 i - a potion of heal wounds {unknown}
 p - 2 potions of might {unknown}


   Skills:
 + Level 3.4 Fighting
 + Level 3.4 Maces & Flails
 + Level 2.4 Armour
 + Level 2.5 Dodging
 + Level 0.5 Stealth


You had 3 spell levels left.
You didn't know any spells.
Your spell library was empty.

Dungeon Overview and Level Annotations

Branches:
Dungeon (3/15)

Altars:

Shops:
D:1 [

Annotations:
D:3 1 runed translucent door, Sargento's ghost, amateur MiBe


Innate Abilities, Weirdness & Mutations

You sometimes gain a little power by taking damage.


Message History

You feel yourself moving faster!
You feel mighty! You block the ball python's attack.
The ball python closely misses you.
You hit the ball python.
You kill the ball python!
Trog accepts your kill.
You sock the rat!
You kill the rat!
Trog accepts your kill.
You hit the worm.
The worm is moderately wounded.
You sock the worm!
The worm is almost dead.
You thump the worm!
You kill the worm!
Trog accepts your kill.
You closely miss Sargento's ghost. Sargento's ghost hits you.
You barely miss Sargento's ghost. Sargento's ghost closely misses you.
You barely miss Sargento's ghost.
Sargento's ghost hits you but does no damage.
You closely miss Sargento's ghost. Sargento's ghost misses you.
Your scale mail prevents you from hitting Sargento's ghost.
You hit Sargento's ghost but do no damage.
Sargento's ghost hits you but does no damage.
You closely miss Sargento's ghost. Sargento's ghost hits you.
You closely miss Sargento's ghost.
You are no longer berserk.
You are exhausted.
You feel yourself slow down. Sargento's ghost hits you!
You hit Sargento's ghost but do no damage.
Sargento's ghost hits you!
You focus on the pain.
You feel very mighty all of a sudden. Sargento's ghost hits you.
You hit Sargento's ghost.
Sargento's ghost is lightly damaged.
Sargento's ghost barely misses you. Sargento's ghost hits you!
* * * LOW HITPOINT WARNING * * *
Your skin crawls.
You feel strong-willed. Sargento's ghost hits you.
You die...

#....>............... ....
#.................... .....
#..................# #....
#..................# #....
#..................# #....
#................# #....
#..!....)....############....
#.........#+.#≈≈≈≈≈≈W≈≈#.....
#####......+.@Ww≈≈≈$≈ WW+.....
...........#..#≈≈≈≈≈≈ ≈S#.....
####.........############.....
.####.........# ...........
..............# ...........
#.............# ............
#.........#...... #...........
#.........#...... +......#....
#.....#...........
#......#....


You could see a worm and Sargento's ghost.

Vanquished Creatures
  2 adders (D:3)
  2 worms
  3 orcs (D:3)
  4 ball pythons
  3 endoplasms
  2 giant cockroaches (D:1)
  8 goblins
  5 hobgoblins
  3 jackals (D:2)
  3 kobolds
  A quokka (D:3)
  6 bats
  2 frilled lizards
  3 rats
47 creatures vanquished.

Notes
Turn   | Place    | Note
-------+----------+-------------------------------------------
     0 | D:1      | peenler the Demonspawn Berserker began the quest for the
                  | Orb.
     0 | D:1      | Reached XP level 1. HP: 18/18 MP: 1/1
   307 | D:1      | Gained mutation: You sometimes gain a little power by
                  | taking damage. [demonic ancestry]
   307 | D:1      | Reached XP level 2. HP: 24/24 MP: 2/2
   551 | D:1      | Found Vuxamet's Antique Armour Emporium.
  1028 | D:2      | Reached XP level 3. HP: 25/29 MP: 3/3
  1119 | D:2      | Reached ** piety under Trog
  1530 | D:2      | Found a faded altar of an unknown god.
  1760 | D:3      | Found a runed translucent door.
  1762 | D:3      | Noticed Sargento's ghost (amateur MiBe)
  1838 | D:3      | Reached XP level 4. HP: 35/35 MP: 4/4
  2129 | D:3      | Found a runed translucent door.
  2183 | D:3      | Slain by Sargento's ghost

Illustrated notes

Levels and vault maps discovered:
D:1:      dpeg_arrival_tiny_k, layout_rooms, serial_shops,
          nicolae_shop_waterfront, chequers_avenue
D:2:      layout_loops_ring, shapermc_ecumenical_altar_pompeii
D:3:      layout_basic, ebering_ghost_sewer_f

Skill      XL: |  1  2  3 |
---------------+----------+-----
Maces & Flails | 3 |  3.4
Dodging        | 2 |  2.5
Armour         | 2 |  2.4
Fighting       | |  3.4
Stealth        | |  0.5

Action                   |  1- 3 |  4- 6 || total
-------------------------+-------+-------++-------
Melee: Mace              |   130 |    23 ||   153
Invok: Berserk           |     1 |     1 ||     2
       Trog's Hand       |       |     1 ||     1
 Stab: Sleeping          |     1 |       ||     1
Armor: Animal skin       |    37 |       ||    37
       Leather armour    |    12 |       ||    12
       Scale mail        |    43 |    10 ||    53
Dodge: Dodged            |   149 |    16 ||   165
Block: Buckler           |       |     1 ||     1

Table legend: (Time is in decaauts)
 A = Elapsed time spent in this place.
 B = Non-inter-level travel time spent in this place.
 C = Inter-level travel time spent in this place.
 D = Time resting spent in this place.
 E = Time spent auto-exploring this place.
 F = Levels seen in this place.
 G = Mean time per level.
                   A        B        C        D        E       F      G
               +--------+--------+--------+--------+--------+-----+--------+
         Total |   2220 |   2206 |     14 |    249 |   1277 |   3 |  740.0 |
       Dungeon |   2220 |   2206 |     14 |    249 |   1277 |   3 |  740.0 |
               +--------+--------+--------+--------+--------+-----+--------+

Top non-repeatable levels by time:
     D:2: 883 daAuts
     D:1: 780 daAuts
     D:3: 556 daAuts
